[Event "Titled Tuesday Blitz May 9 Early 2023"]
[White "Mirzoev, Azer"]
[Black "koncheto"]
[WhiteFideId "13400304"]
[WhiteElo "2525"]
[BlackElo "2485"]
[Result "1-0"]
[Round "03"]
[TimeControl "180+2"]
[Date "2023.05.09"]
[WhiteClock "0:00:03"]
[BlackClock "0:00:02"]

1. c4 Nf6 2. Nc3 e6 3. e4 d5 4. e5 d4 5. exf6 dxc3 6. bxc3 Qxf6 7. Nf3 b6 8. d4 h6 9. Be2 Bb7 10. O-O Bd6 11. a4 a5 12. Nd2 Nd7 13. Bf3 Bxf3 14. Nxf3 O-O 15. Re1 Rfd8 16. Qe2 e5 17. Be3 Re8 18. Qc2 Rad8 19. h3 Qe6 20. Qb3 f5 21. dxe5 Nxe5 22. Nxe5 Bxe5 23. Bd4 Qf6 24. c5+ Kh7 25. Rxe5 Rxe5 26. cxb6 cxb6 27. Rb1 Qe6 28. Bxe5 Qxe5 29. Qxb6 Rd2 30. c4 Rc2 31. Qb5 Qf4 32. Rf1 Rxc4 33. Qxa5 Rxa4 34. Qb6 Re4 35. Qc6 Qg5 36. Qd5 Qf6 37. Rd1 Re5 38. Qd3 Qe6 39. g3 Kh8 40. Kg2 Re4 41. Qf3 Re5 42. h4 Qf6 43. Rd3 Qe6 44. Rd8+ Kh7 45. Qa8 Qf7 46. Rh8+ Kg6 47. Rf8 Qd5+ 48. Qxd5 Rxd5 49. Kf3 Rd3+ 50. Kf4 Rd2 51. f3 Rd6 52. Rxf5 Rd4+ 53. Ke3 Ra4 54. Rf4 Ra3+ 55. Kf2 Ra2+ 56. Kg1 Ra3 57. Kg2 Ra2+ 58. Kh3 Ra3 59. g4 Rb3 60. h5+ Kh7 61. Kg3 Kg8 62. Re4 Kf7 63. Kf4 Rb5 64. Rd4 Rb3 65. Ke4 Kf6 66. Rd6+ Kf7 67. f4 Rb4+ 68. Rd4 Rb5 69. Rd5 Rb4+ 70. Ke5 Rb6 71. Kf5 Ra6 72. Rd7+ Kf8 73. Rc7 Rb6 74. Ra7 Rc6 75. g5 Rc5+ 76. Kg6 Rc6+ 77. Kh7 hxg5 78. fxg5 Rc5 79. Rxg7 1-0


[Site "https://www.chess.com"]

[Event "Titled Tuesday Blitz May 9 Early 2023"]
[White "Averjanov, Alexey"]
[Black "ElenGajger"]
[WhiteFideId "14109867"]
[WhiteElo "2693"]
[BlackElo "2483"]
[Result "1-0"]
[Round "03"]
[TimeControl "180+2"]
[Date "2023.05.09"]
[WhiteClock "0:02:09"]
[BlackClock "0:01:13"]

1. d4 Nf6 2. c4 g6 3. Nc3 d5 4. cxd5 Nxd5 5. e4 Nxc3 6. bxc3 Bg7 7. Nf3 c5 8. Be3 Qa5 9. Qd2 O-O 10. Rc1 cxd4 11. cxd4 Qxd2+ 12. Kxd2 Rd8 13. Ke1 Nc6 14. d5 Ne5 15. Nxe5 Bxe5 16. f4 Bg7 17. Kf2 Bd7 18. Rc7 Rac8 19. Rxb7 Rc2+ 20. Kf3 Rxa2 21. Rxa7 Rxa7 22. Bxa7 Ra8 23. Be3 Ra3 24. Kf2 Ra2+ 25. Kf3 Ra3 26. Bc4 Bd4 27. Re1 Bg4+ 28. Kf2 Ra2+ 29. Bxa2 1-0


[Site "https://www.chess.com"]

[Event "Titled Tuesday Blitz May 9 Early 2023"]
[White "Rodriguez, Santiago"]
[Black "Aaditya Dhingra"]
[WhiteFideId "3000591"]
[BlackFideId "25678191"]
[WhiteElo "2249"]
[BlackElo "2083"]
[Result "1-0"]
[Round "03"]
[TimeControl "180+2"]
[Date "2023.05.09"]
[WhiteClock "0:01:18"]
[BlackClock "0:00:58"]

1. d4 d5 2. Bf4 Nf6 3. e3 c5 4. c3 Nc6 5. Nd2 e6 6. Bd3 Bd6 7. Bxd6 Qxd6 8. f4 cxd4 9. cxd4 Bd7 10. Ngf3 Nb4 11. Bb1 Bb5 12. Ne5 O-O 13. a3 Nc6 14. Kf2 Rac8 15. g4 Ne7 16. g5 Nd7 17. Ndf3 Nf5 18. Nxd7 Qxd7 19. Ne5 Qe7 20. Bxf5 exf5 21. Qb3 Bc4 22. Qb4 Qe6 23. b3 Ba6 24. Rac1 Rfe8 25. h4 f6 26. gxf6 gxf6 27. Rhg1+ Kh8 28. Rxc8 Rxc8 29. Qd6 1-0


[Site "https://www.chess.com"]

[Event "Titled Tuesday Blitz May 9 Early 2023"]
[White "djokovic74"]
[Black "Sowul, Bartosz"]
[BlackFideId "1137590"]
[WhiteElo "2679"]
[BlackElo "2188"]
[Result "1-0"]
[Round "03"]
[TimeControl "180+2"]
[Date "2023.05.09"]
[WhiteClock "0:01:00"]
[BlackClock "0:00:00"]

1. e4 c5 2. Nf3 d6 3. d4 cxd4 4. Nxd4 Nf6 5. Nc3 Nc6 6. Be2 e5 7. Nf3 h6 8. O-O Be7 9. Re1 O-O 10. h3 Be6 11. Bf1 Qa5 12. Bd2 Qd8 13. Bc1 Nb8 14. b3 a6 15. a4 Nbd7 16. Bb2 Qc7 17. a5 Qc6 18. Nd2 d5 19. exd5 Nxd5 20. Nxd5 Bxd5 21. Nc4 Bb4 22. Nxe5 Nxe5 23. Rxe5 Rad8 24. Qg4 Qxc2 25. Re2 Qg6 26. Qxb4 Rfe8 27. Rae1 Rxe2 28. Rxe2 Rd6 29. Re8+ Kh7 30. Qxd6 Qxd6 31. Bd3+ 1-0


[Site "https://www.chess.com"]

[Event "Titled Tuesday Blitz May 9 Early 2023"]
[White "Tatarinov, Dmitry"]
[Black "Pourkashiyan, Atousa"]
[WhiteFideId "24160067"]
[BlackFideId "12502014"]
[WhiteElo "2326"]
[BlackElo "2228"]
[Result "1/2-1/2"]
[Round "03"]
[TimeControl "180+2"]
[Date "2023.05.09"]
[WhiteClock "0:00:23"]
[BlackClock "0:00:05"]

1. d4 Nf6 2. Nf3 e6 3. Bf4 d5 4. Nbd2 Bd6 5. e3 O-O 6. Bd3 c5 7. Bg5 Nc6 8. c3 h6 9. Bh4 b6 10. O-O Be7 11. Re1 Bb7 12. Qe2 Ne4 13. Bxe7 Nxe7 14. Ne5 f6 15. Nef3 Nf5 16. Ba6 Bxa6 17. Qxa6 Nfd6 18. c4 Kh8 19. Rad1 Qe7 20. cxd5 exd5 21. dxc5 Nxc5 22. Qa3 f5 23. Nd4 Qf6 24. N2f3 Nc4 25. Qb4 Rae8 26. b3 Ne5 27. Nxe5 Qxe5 28. Nf3 Qe4 29. Rd4 Qc2 30. Qd2 Qxd2 31. Rxd2 Ne4 32. Rxd5 Nc3 33. Rd7 Nxa2 34. Rxa7 Nc3 35. g3 Rd8 36. Ne5 Kg8 37. h4 Rd2 38. Ng6 Re8 39. Nf4 Ne4 40. Re2 Rxe2 41. Nxe2 Rc8 42. Nd4 Rc1+ 43. Kg2 Rd1 44. Ra2 Rd3 45. Rc2 g6 46. b4 h5 47. b5 Rd1 48. Rc8+ Kg7 49. Rc7+ Kh6 50. Rc6 Rd2 51. Nxf5+ Kh7 52. Rc7+ Kh8 53. Ne7 Rxf2+ 54. Kg1 Rf6 55. Nd5 Rd6 56. Nf4 Nxg3 57. Rc6 Nf5 58. Nxg6+ Kg7 59. e4 Rd1+ 60. Kg2 Nd4 61. Rd6 Rd2+ 62. Kf1 Nf3 63. e5 Rb2 64. Nf4 Nxe5 65. Nxh5+ Kf7 66. Rxb6 Nf3 67. Ng3 Rd2 68. h5 Nh2+ 69. Ke1 Nf3+ 70. Kf1 Nh2+ 71. Kg1 Nf3+ 72. Kf1 1/2-1/2


[Site "https://www.chess.com"]

[Event "Titled Tuesday Blitz May 9 Early 2023"]
[White "Colas, Joshua"]
[Black "cristianserban1"]
[WhiteFideId "2044447"]
[WhiteElo "2347"]
[BlackElo "2466"]
[Result "0-1"]
[Round "03"]
[TimeControl "180+2"]
[Date "2023.05.09"]
[WhiteClock "0:00:00"]
[BlackClock "0:00:12"]

1. Nf3 d5 2. c4 e6 3. g3 c6 4. b3 Nf6 5. Bb2 Be7 6. Bg2 O-O 7. O-O Nbd7 8. d4 b6 9. Nc3 Ba6 10. Nd2 Rc8 11. Re1 dxc4 12. Nxc4 c5 13. d5 exd5 14. Nxd5 Nxd5 15. Qxd5 Bf6 16. Rad1 Bxc4 17. bxc4 Bxb2 18. Qxd7 Bc3 19. Rf1 Qc7 20. Bh3 Be5 21. e3 Rcd8 22. Qxc7 Bxc7 23. Bg2 Rxd1 24. Rxd1 Rd8 25. Bd5 Kf8 26. e4 g5 27. h3 f6 28. Kg2 Be5 29. Rd3 Ke7 30. Kf3 Rd7 31. Ra3 h5 32. Ke3 Bd4+ 33. Ke2 Be5 34. Rf3 Rd8 0-1


[Site "https://www.chess.com"]

[Event "Titled Tuesday Blitz May 9 Early 2023"]
[White "Ovetchkin, Roman"]
[Black "Martic, Ivan"]
[WhiteFideId "4119991"]
[BlackFideId "929301"]
[WhiteElo "2398"]
[BlackElo "2360"]
[Result "1-0"]
[Round "03"]
[TimeControl "180+2"]
[Date "2023.05.09"]
[WhiteClock "0:00:04"]
[BlackClock "0:00:00"]

1. d4 d5 2. c4 Nc6 3. Nf3 Bg4 4. cxd5 Bxf3 5. gxf3 Qxd5 6. e3 e5 7. Nc3 Bb4 8. Bd2 Bxc3 9. bxc3 Nf6 10. Rb1 O-O-O 11. Bh3+ Kb8 12. Qb3 Qxb3 13. axb3 Rhe8 14. O-O e4 15. f4 h6 16. c4 g5 17. fxg5 hxg5 18. Bc3 g4 19. Bg2 Ne7 20. d5 Neg8 21. Rfd1 Nh7 22. h3 gxh3 23. Bxh3 Ng5 24. Bg2 f5 25. Kf1 Rf8 26. Be5 Kc8 27. Ke2 Ne7 28. Bf4 Nf7 29. Bh3 Rh8 30. Rh1 Rh5 31. Bg2 Rdh8 32. Rxh5 Rxh5 33. f3 exf3+ 34. Bxf3 Rh7 35. Rg1 a5 36. c5 Kd7 37. Kd3 c6 38. d6 Nc8 39. e4 b6 40. cxb6 Nxb6 41. e5 Nd8 42. Be3 Nd5 43. Bxd5 cxd5 44. Rc1 Ne6 45. Ra1 f4 46. Bf2 Rh3+ 47. Ke2 Rxb3 48. Rxa5 Ng5 49. Ra7+ Ke6 50. Re7+ Kf5 51. d7 f3+ 52. Kd1 Rb8 53. Re8 1-0


[Site "https://www.chess.com"]

[Event "Titled Tuesday Blitz May 9 Early 2023"]
[White "Matinian, Nikita"]
[Black "Ljukin, Sergei"]
[WhiteFideId "24129100"]
[BlackFideId "14102200"]
[WhiteElo "2422"]
[BlackElo "2312"]
[Result "1-0"]
[Round "03"]
[TimeControl "180+2"]
[Date "2023.05.09"]
[WhiteClock "0:00:34"]
[BlackClock "0:00:00"]

1. e4 e6 2. d4 d5 3. Nc3 Bb4 4. Ne2 Nc6 5. e5 f6 6. f4 fxe5 7. fxe5 Nge7 8. Bg5 O-O 9. Qd3 Bd7 10. h4 h6 11. Bd2 Nf5 12. h5 Be7 13. a3 Bh4+ 14. g3 Bg5 15. O-O-O Bxd2+ 16. Qxd2 Qg5 17. Qxg5 hxg5 18. Bh3 g4 19. Bxg4 Ne3 20. Bh3 Nxd1 21. Kxd1 Rad8 22. Kd2 Rf3 23. Bg4 Rf7 24. Ke3 Na5 25. b3 c5 26. dxc5 Nc6 27. Nd4 Nxe5 28. Bh3 Re8 29. Nce2 Nc6 30. b4 e5 31. Nxc6 bxc6 32. Bxd7 Rxd7 33. g4 Rf7 34. g5 Ref8 35. Rh3 Rf1 36. h6 gxh6 37. Rxh6 R8f3+ 38. Kd2 R1f2 39. Rxc6 d4 40. Rf6 Rxf6 41. gxf6 Rxf6 42. Ng3 Kf7 43. Ne4 Rg6 44. b5 1-0


[Site "https://www.chess.com"]

[Event "Titled Tuesday Blitz May 9 Early 2023"]
[White "Redzisz, Michal"]
[Black "Rosen, Eric"]
[WhiteFideId "21816107"]
[BlackFideId "2032562"]
[WhiteElo "2175"]
[BlackElo "2331"]
[Result "0-1"]
[Round "03"]
[TimeControl "180+2"]
[Date "2023.05.09"]
[WhiteClock "0:00:00"]
[BlackClock "0:00:33"]

1. e4 c5 2. Nf3 Nc6 3. Bb5 g6 4. Bxc6 dxc6 5. O-O Bg7 6. d3 Nf6 7. h3 Nd7 8. Nc3 e5 9. Be3 b6 10. Nh2 Nf8 11. f4 exf4 12. Rxf4 Ne6 13. Rf2 Nd4 14. Qd2 h6 15. Raf1 Be6 16. b3 Qd7 17. Ne2 O-O-O 18. Nf4 Qd6 19. Nxe6 fxe6 20. Nf3 g5 21. Bxd4 cxd4 22. Nh2 Be5 23. Ng4 Bf4 24. Rxf4 gxf4 25. Rxf4 h5 26. Nf6 Rdf8 27. Qf2 Kb7 28. e5 Qxe5 29. g3 h4 0-1


[Site "https://www.chess.com"]

[Event "Titled Tuesday Blitz May 9 Early 2023"]
[White "Bethke, Richard"]
[Black "Jeet, Jain"]
[WhiteFideId "12959243"]
[BlackFideId "5073022"]
[WhiteElo "2369"]
[BlackElo "2067"]
[Result "1-0"]
[Round "03"]
[TimeControl "180+2"]
[Date "2023.05.09"]
[WhiteClock "0:00:33"]
[BlackClock "0:00:00"]

1. e4 c6 2. Nf3 d5 3. Nc3 dxe4 4. Nxe4 Bf5 5. Ng3 Bg6 6. h4 h6 7. Ne5 Bh7 8. Bc4 e6 9. Qf3 Nf6 10. d4 Qxd4 11. Bf4 Nbd7 12. Nxd7 Qxc4 13. Nxf6+ gxf6 14. Nh5 Be7 15. Bxh6 O-O-O 16. Be3 Bxc2 17. a3 Bb4+ 18. axb4 Qxb4+ 19. Kf1 Qb5+ 20. Kg1 Rxh5 21. Qxf6 a6 22. Qxf7 Kb8 23. Bg5 Rdh8 24. Qf6 Bf5 25. Rd1 Qb6 26. g3 Qb3 27. Rd8+ Rxd8 28. Qxd8+ Ka7 29. Be3+ b6 30. Qc7+ Ka8 31. Bxb6 Qd1+ 32. Kh2 1-0


[Site "https://www.chess.com"]

[Event "Titled Tuesday Blitz May 9 Early 2023"]
[White "Martinez Ramirez, Lennis"]
[Black "Gurevich, Dmitry"]
[WhiteFideId "3509079"]
[BlackFideId "2000407"]
[WhiteElo "2410"]
[BlackElo "2506"]
[Result "1-0"]
[Round "03"]
[TimeControl "180+2"]
[Date "2023.05.09"]
[WhiteClock "0:00:04"]
[BlackClock "0:00:00"]

1. Nf3 Nf6 2. c4 c5 3. Nc3 b6 4. e4 d6 5. d4 cxd4 6. Nxd4 e6 7. Bd3 Bb7 8. O-O Be7 9. Be3 O-O 10. Rc1 Nbd7 11. b4 Rc8 12. f4 g6 13. g4 e5 14. Nb3 exf4 15. Bxf4 Ne5 16. Be2 Nxc4 17. Qd4 Ne5 18. g5 Nfd7 19. h4 Nc6 20. Qd2 Nxb4 21. Nb5 Rxc1 22. Rxc1 Nc6 23. Nxd6 Ba8 24. Qb2 Nde5 25. Nb5 f6 26. Rd1 Qc8 27. N3d4 Qh3 28. Nxc6 Bxc6 29. Bxe5 fxe5 30. Bc4+ Rf7 31. Rf1 Bc5+ 32. Rf2 Qg3+ 33. Kf1 Qh3+ 34. Ke1 Qh1+ 35. Rf1 Qxe4+ 36. Qe2 Qxh4+ 37. Kd1 Be8 38. Bxf7+ Bxf7 39. Qxe5 Qg4+ 40. Kc1 Qd7 41. Kb1 Qd3+ 42. Kb2 Qxf1 43. Qb8+ Kg7 44. Qe5+ Kg8 45. Qb8+ Bf8 46. Nd6 Qf2+ 47. Kc3 Qf3+ 48. Kd4 Qf4+ 49. Ne4 Qf5 50. Nf6+ Qxf6+ 51. gxf6 g5 52. Qxa7 h6 53. Qxb6 h5 54. Qb8 g4 55. Qe5 h4 56. Qg5+ Kh7 57. Qxg4 Bh6 58. Qxh4 Bg6 59. Ke5 Bf7 60. Qh1 Kg6 61. Qe4+ 1-0


[Site "https://www.chess.com"]

[Event "Titled Tuesday Blitz May 9 Early 2023"]
[White "Rom, Jasper"]
[Black "Soham Kamotra"]
[WhiteFideId "2023733"]
[BlackFideId "46647490"]
[WhiteElo "2233"]
[BlackElo "2209"]
[Result "1-0"]
[Round "03"]
[TimeControl "180+2"]
[Date "2023.05.09"]
[WhiteClock "0:00:03"]
[BlackClock "0:00:00"]

1. e4 c6 2. d4 d5 3. Nd2 dxe4 4. Nxe4 Nf6 5. Nxf6+ exf6 6. c3 Bd6 7. Bd3 O-O 8. Qc2 Re8+ 9. Ne2 h5 10. Be3 Nd7 11. O-O Nf8 12. Rfe1 g6 13. Rad1 Qc7 14. h3 Be6 15. c4 Rad8 16. Nc3 Bc8 17. d5 Be5 18. Be4 f5 19. Bf3 Nd7 20. Bg5 Nf6 21. c5 cxd5 22. Nxd5 Bh2+ 23. Kh1 Rxe1+ 24. Rxe1 Rxd5 25. Bxf6 Be5 26. Bxd5 Bxf6 27. Qc4 Kg7 28. b4 a6 29. a4 f4 30. b5 axb5 31. axb5 Bf5 32. b6 Qd7 33. c6 bxc6 34. Qxc6 Qd8 35. b7 Bd4 36. Re8 Qh4 37. b8=Q Qxf2 38. Rg8+ Kh7 39. Qc1 1-0


[Site "https://www.chess.com"]

[Event "Titled Tuesday Blitz May 9 Early 2023"]
[White "Dinu, Dumitru-Daniel"]
[Black "Korchmar, Vasiliy"]
[WhiteFideId "1208403"]
[BlackFideId "24131750"]
[WhiteElo "2240"]
[BlackElo "2370"]
[Result "0-1"]
[Round "03"]
[TimeControl "180+2"]
[Date "2023.05.09"]
[WhiteClock "0:00:01"]
[BlackClock "0:02:20"]

1. e4 c5 2. b3 d6 3. Bb2 Nc6 4. Bb5 Bd7 5. f4 a6 6. Bxc6 Bxc6 7. d3 Nf6 8. Nf3 e6 9. O-O Be7 10. Nbd2 O-O 11. Qe1 b5 12. e5 Nd5 13. Qg3 Ne3 14. exd6 Bf6 15. Bxf6 Qxf6 16. Ne5 Nxf1 17. Rxf1 Bd5 18. Ne4 Qd8 19. Rd1 f6 20. Nf3 Qb6 21. c4 Bb7 22. Qf2 Rac8 23. Nfd2 Rfd8 24. g3 f5 25. Ng5 Qc6 26. Ndf3 Rxd6 27. Re1 h6 0-1


[Site "https://www.chess.com"]

[Event "Titled Tuesday Blitz May 9 Early 2023"]
[White "Jimenez Almeida, Luis David"]
[Black "Wieczorek, Oskar"]
[WhiteFideId "22242244"]
[BlackFideId "1133950"]
[WhiteElo "2245"]
[BlackElo "2418"]
[Result "0-1"]
[Round "03"]
[TimeControl "180+2"]
[Date "2023.05.09"]
[WhiteClock "0:00:10"]
[BlackClock "0:00:17"]

1. e4 c5 2. Nc3 e6 3. g3 d5 4. Bg2 Ne7 5. d3 Nbc6 6. Nge2 g6 7. O-O Bg7 8. f4 O-O 9. e5 f6 10. exf6 Bxf6 11. Kh1 a6 12. a4 Qd6 13. Be3 Bd7 14. d4 cxd4 15. Nxd4 Nf5 16. Nxf5 gxf5 17. Ne2 d4 18. Bf2 Rad8 19. Qd2 Be8 20. Rae1 Qb4 21. Qxb4 Nxb4 22. c3 Nd3 23. Rb1 Nxf2+ 24. Rxf2 d3 25. Ng1 Bxa4 26. Rd2 Bc2 27. Rc1 b5 28. Nf3 b4 29. Nd4 bxc3 30. bxc3 Bxd4 31. cxd4 Rxd4 32. Bf1 a5 33. Kg2 a4 34. Ra1 Rc8 35. Ra3 Rcd8 36. Kf3 Kf7 37. Ke3 Re4+ 38. Kf2 Red4 39. Rc3 Kf6 40. h3 Ra8 41. Ra3 e5 42. fxe5+ Kxe5 43. Bg2 Ra7 44. Ke3 Rb4 45. Rf2 Rb3 46. Ra2 a3 47. g4 f4+ 48. Kd2 Rb2 49. Ra1 a2 50. Kc3 Rb1 51. Rf1 Rxf1 52. Bxf1 f3 53. Bxd3 Bxd3 54. Kxd3 Kf4 55. Kd2 Kg3 56. Ke3 f2 57. Ke2 Re7+ 58. Kd2 Re1 59. Rxa2 f1=Q 0-1


[Site "https://www.chess.com"]

[Event "Titled Tuesday Blitz May 9 Early 2023"]
[White "Girya, Olga"]
[Black "Liu, Casper"]
[WhiteFideId "4195752"]
[BlackFideId "1454153"]
[WhiteElo "2263"]
[BlackElo "2221"]
[Result "1-0"]
[Round "03"]
[TimeControl "180+2"]
[Date "2023.05.09"]
[WhiteClock "0:00:55"]
[BlackClock "0:00:54"]

1. d4 c5 2. d5 g6 3. e4 Bg7 4. Nf3 d6 5. Be2 Nf6 6. Nc3 Bg4 7. Nd2 Bxe2 8. Qxe2 O-O 9. O-O e6 10. Nc4 exd5 11. exd5 Re8 12. Qf3 Nbd7 13. Bf4 Ne5 14. Bxe5 dxe5 15. d6 Qd7 16. Rfe1 Nh5 17. a4 f5 18. Qd5+ Kh8 19. Nxe5 Nf4 20. Nxd7 Nxd5 21. Nxd5 Red8 22. Nxc5 Rxd6 23. Nf4 Rd2 24. Re2 Rad8 25. Nce6 Rxe2 26. Nxe2 Rd2 27. Nc3 Bh6 28. Rd1 1-0


[Site "https://www.chess.com"]

[Event "Titled Tuesday Blitz May 9 Early 2023"]
[White "Toktomushev, Teimur"]
[Black "Seemann, Jakub"]
[WhiteFideId "14176726"]
[BlackFideId "21874697"]
[WhiteElo "2116"]
[BlackElo "2364"]
[Result "1/2-1/2"]
[Round "03"]
[TimeControl "180+2"]
[Date "2023.05.09"]
[WhiteClock "0:00:02"]
[BlackClock "0:00:21"]

1. d4 Nf6 2. c4 g6 3. Nc3 Bg7 4. e4 O-O 5. f3 d6 6. Be3 c5 7. Nge2 e6 8. dxc5 dxc5 9. Bxc5 Re8 10. Qxd8 Rxd8 11. Nf4 Nc6 12. Be2 b6 13. Ba3 Ba6 14. Kf2 Nd7 15. Rac1 Nc5 16. b3 Be5 17. g3 g5 18. Ng2 Nd3+ 19. Bxd3 Rxd3 20. Ne2 Rad8 21. Ne3 Nd4 22. Rhd1 Nxe2 23. Kxe2 R3d7 24. Rxd7 Rxd7 25. Rd1 Rxd1 26. Nxd1 h5 27. Bb2 Bd6 28. Ne3 h4 29. Kf2 b5 30. cxb5 Bxb5 31. Nc4 Bc5+ 32. Kg2 f5 33. exf5 exf5 34. gxh4 gxh4 35. Bf6 a5 36. Bxh4 a4 37. Bf2 Be7 38. Ne3 a3 39. Nxf5 Bf8 40. Nd4 Bd3 41. Be3 Bb1 42. Bc1 Bxa2 43. Nb5 Bxb3 44. Bxa3 Bg7 45. Nd6 Bd5 46. Ne4 Be5 47. Bd6 Bd4 48. Bg3 Kf7 49. Bf2 Be5 50. h4 Kg6 51. Be3 Kf5 52. Ng3+ Kg6 53. Ne4 Kh5 54. Ng3+ Kxh4 55. Nf5+ Kh5 56. Ne7 Bb7 57. Nf5 Kg6 58. Nh4+ Kf6 59. Kf2 Bc7 60. Ng2 Kf5 61. Nh4+ Ke5 62. Ng2 Kd5 63. Bf4 Bd8 64. Kg3 Kd4 65. Ne3 Kd3 66. Ng4 Ke2 67. Ne5 Bb6 68. Nc4 Bf2+ 69. Kg4 Bxf3+ 70. Kf5 Bd5 71. Ne5 Ba7 72. Ng4 Kd3 73. Ne5+ Kd4 74. Ng4 Be4+ 75. Kg5 Bb7 76. Be3+ Ke4 77. Bxa7 Kf3 78. Ne5+ Ke4 79. Kf6 Kd5 80. Kf5 Kd6 81. Bb8+ Kd5 82. Ng4 Kd4 83. Be5+ Kd3 84. Kf4 Bc8 85. Nf6 Kc4 86. Ne8 Kd5 87. Nc7+ Kc6 88. Ne8 Kd7 89. Nf6+ Ke6 90. Ke4 Bb7+ 91. Kd4 Bc8 92. Ne4 Ke7 93. Kd5 Kd7 94. Nf6+ Ke7 95. Ne4 Bb7+ 96. Kd4 Bc8 97. Nc5 Bf5 98. Kd5 Bh3 99. Bd6+ Kf6 100. Ne4+ Kf7 101. Ke5 Kg6 102. Be7 Bg2 103. Nd6 Ba8 104. Nf5 Bh1 105. Nd4 Kf7 106. Bf6 Ke8 107. Ke6 Bb7 108. Nb5 Bc8+ 109. Ke5 Bh3 110. Nd6+ Kd7 111. Ne4 Kc6 112. Be7 Bc8 113. Nd6 Ba6 114. Ke6 Bf1 115. Nf7 Bh3+ 116. Kf6 Bf1 117. Ne5+ Kd5 118. Kf5 Bh3+ 119. Kf4 Bf1 120. Ng4 Ba6 121. Bf6 Bc8 122. Ne3+ Kc5 123. Be5 Kc6 124. Ke4 Kb7 125. Kd5 Ka6 126. Kc5 Bb7 127. Nc4 1/2-1/2


[Site "https://www.chess.com"]

[Event "Titled Tuesday Blitz May 9 Early 2023"]
[White "Weishaeutel, Moritz"]
[Black "Dudzinski, Pawel"]
[WhiteFideId "12967300"]
[BlackFideId "1117890"]
[WhiteElo "2301"]
[BlackElo "2099"]
[Result "1-0"]
[Round "03"]
[TimeControl "180+2"]
[Date "2023.05.09"]
[WhiteClock "0:00:05"]
[BlackClock "0:00:01"]

1. e4 c6 2. Nc3 d5 3. Nf3 dxe4 4. Nxe4 Nf6 5. Qe2 Nxe4 6. Qxe4 Qa5 7. Bc4 Bf5 8. Qf4 e6 9. O-O Be7 10. Nd4 Bg6 11. Re1 O-O 12. Qg3 Bf6 13. Nf3 Bxc2 14. Ne5 Bg6 15. a3 Qc7 16. d4 Nd7 17. Bf4 Bxe5 18. dxe5 Nb6 19. Bb3 Rad8 20. Rad1 Rxd1 21. Rxd1 Rd8 22. Rd6 Nc8 23. Rxd8+ Qxd8 24. h4 h5 25. Bxe6 Ne7 26. Bb3 Kh7 27. Bg5 Qd7 28. Qf3 Nd5 29. Be3 a6 30. Bc5 Qd8 31. Bd6 Qxh4 32. Bxd5 cxd5 33. Qxd5 Qe4 34. Qd2 Qb1+ 35. Kh2 Qe4 36. f3 Qf5 37. Qf2 Qg5 38. Qd4 Bf5 39. Bc7 h4 40. Bd6 h3 41. gxh3 Qh5 42. h4 Qxf3 43. Qd2 Qh3+ 44. Kg1 Be4 45. Qh2 Qg4+ 46. Kf2 Qf3+ 47. Ke1 Qe3+ 48. Qe2 Qc1+ 49. Kf2 Bg6 50. Qe3 Qxb2+ 51. Kg3 Qb1 52. e6 fxe6 53. Qxe6 Qd3+ 54. Kf4 Qxa3 55. Bxa3 b5 56. Bb4 Bf7 57. Qe5 Bg6 58. Bc3 Kh6 59. Qxg7+ Kh5 60. Qh8+ 1-0


[Site "https://www.chess.com"]

[Event "Titled Tuesday Blitz May 9 Early 2023"]
[White "Aakanksha Hagawane"]
[Black "Kim, Sergey"]
[WhiteFideId "25014510"]
[BlackFideId "13700570"]
[WhiteElo "2081"]
[BlackElo "2617"]
[Result "1-0"]
[Round "03"]
[TimeControl "180+2"]
[Date "2023.05.09"]
[WhiteClock "0:00:07"]
[BlackClock "0:00:19"]

1. e4 e5 2. Nf3 Nc6 3. Bb5 a6 4. Ba4 Nf6 5. O-O b5 6. Bb3 Bc5 7. c3 d6 8. d4 Bb6 9. h3 h6 10. a4 Bb7 11. Re1 O-O 12. axb5 axb5 13. Rxa8 Bxa8 14. Na3 exd4 15. cxd4 Re8 16. e5 dxe5 17. dxe5 Qxd1 18. Bxd1 Nd7 19. Bf4 Nc5 20. Bc2 Nb4 21. Rd1 Nxc2 22. Nxc2 Be4 23. Ncd4 Nd3 24. Be3 Nxb2 25. Ra1 b4 26. Nd2 Bg6 27. f4 Bd3 28. Kf2 g5 29. g3 Rd8 30. Nc6 Rd7 31. Ra8+ Kh7 32. Bxb6 cxb6 33. Ke3 Bg6 34. Nd4 b5 35. Ne4 Nc4+ 36. Kf3 Rxd4 37. Nf6+ Kg7 38. Rg8# 1-0


[Site "https://www.chess.com"]

[Event "Titled Tuesday Blitz May 9 Early 2023"]
[White "TimGrutter03"]
[Black "Mackster23"]
[WhiteElo "2615"]
[BlackElo "2441"]
[Result "1-0"]
[Round "03"]
[TimeControl "180+2"]
[Date "2023.05.09"]
[WhiteClock "0:01:37"]
[BlackClock "0:00:20"]

1. e4 e6 2. d4 d5 3. Nc3 Bb4 4. exd5 exd5 5. Bd3 Nf6 6. a3 Bxc3+ 7. bxc3 O-O 8. Ne2 Nbd7 9. O-O c5 10. Ng3 c4 11. Be2 Re8 12. Bf3 Nb6 13. Re1 Na4 14. Bg5 Be6 15. Nh5 Nxc3 16. Qd2 Nb5 17. Bxf6 1-0


[Site "https://www.chess.com"]

[Event "Titled Tuesday Blitz May 9 Early 2023"]
[White "Urbina Perez, Juan Antonio"]
[Black "Ambartsumova, Karina"]
[WhiteFideId "2217368"]
[BlackFideId "4166299"]
[WhiteElo "2197"]
[BlackElo "2240"]
[Result "0-1"]
[Round "03"]
[TimeControl "180+2"]
[Date "2023.05.09"]
[WhiteClock "0:00:14"]
[BlackClock "0:00:08"]

1. e4 c5 2. Nf3 Nc6 3. Bb5 e6 4. Bxc6 bxc6 5. d3 Ne7 6. O-O Ng6 7. Ng5 Be7 8. Qh5 Bxg5 9. Bxg5 f6 10. Be3 O-O 11. Bxc5 d6 12. Be3 e5 13. Nc3 Be6 14. Kh1 Qd7 15. h3 d5 16. Bc5 Rf7 17. Ne2 f5 18. f4 exf4 19. Nxf4 Nxf4 20. Rxf4 fxe4 21. Raf1 exd3 22. cxd3 Re8 23. Qf3 h6 24. Rxf7 Bxf7 25. d4 Bg6 26. Qf2 Be4 27. Kh2 Rb8 28. b4 Re8 29. Qg3 Re6 30. Rf2 Kh7 31. Qf4 a6 32. a4 Rf6 33. Qg3 Rg6 34. Qf4 Qd8 35. a5 Qc8 36. Bd6 Qb7 37. Bc5 Qb5 38. Qd2 Qc4 39. Qe3 Qb5 40. Qf4 Qa4 41. h4 Qd1 42. Qd2 Qh5 43. Qf4 Rg4 44. Qf7 Rxh4+ 45. Kg1 Rh1# 0-1


[Site "https://www.chess.com"]

[Event "Titled Tuesday Blitz May 9 Early 2023"]
[White "sebastianmarinp"]
[Black "cryptoguru02"]
[WhiteElo "2439"]
[BlackElo "2610"]
[Result "0-1"]
[Round "03"]
[TimeControl "180+2"]
[Date "2023.05.09"]
[WhiteClock "0:00:10"]
[BlackClock "0:00:44"]

1. e4 e5 2. Nf3 Nc6 3. Bb5 g6 4. d4 exd4 5. Bg5 f6 6. Bf4 Bg7 7. Nxd4 f5 8. c3 Nxd4 9. cxd4 c6 10. Bd3 fxe4 11. Bxe4 d5 12. Bc2 Qe7+ 13. Be3 Qb4+ 14. Nd2 Qxb2 15. O-O Nf6 16. Nb3 O-O 17. a4 Qc3 18. Bd2 Qc4 19. Qb1 Bf5 20. Bxf5 gxf5 21. Na5 Qxd4 22. Be3 Qe5 23. Qxb7 Ng4 24. g3 Nxe3 25. fxe3 Qxe3+ 26. Kh1 Qe4+ 27. Kg1 Bd4+ 0-1


[Site "https://www.chess.com"]

[Event "Titled Tuesday Blitz May 9 Early 2023"]
[White "Manukian, Artak"]
[Black "Aggelis, Nikolaos"]
[WhiteFideId "13301373"]
[BlackFideId "4213220"]
[WhiteElo "2130"]
[BlackElo "2189"]
[Result "1/2-1/2"]
[Round "03"]
[TimeControl "180+2"]
[Date "2023.05.09"]
[WhiteClock "0:00:29"]
[BlackClock "0:00:59"]

1. e4 c6 2. d4 d5 3. e5 c5 4. dxc5 e6 5. a3 Bxc5 6. b4 Bb6 7. c4 dxc4 8. Qxd8+ Kxd8 9. Bxc4 Nc6 10. Bb2 Bd4 11. Bxd4 Nxd4 12. Kd2 b5 13. Kc3 bxc4 14. Kxd4 Bb7 15. Nf3 Ne7 16. Nbd2 Kc7 17. Nxc4 Rhd8+ 18. Kc3 Bxf3 19. gxf3 Rd5 20. Rhd1 Rad8 21. Rxd5 Nxd5+ 22. Kb3 Nf4 23. Nd6 f6 24. Rc1+ Kd7 25. Nb7 Rc8 26. Nc5+ Ke7 27. exf6+ gxf6 28. a4 Nd5 29. Rg1 Kf7 30. Ne4 Rb8 31. b5 a6 32. Kc4 Nb6+ 33. Kb4 Nd5+ 34. Kc4 Nb6+ 35. Kb4 Nd5+ 36. Kc4 1/2-1/2


[Site "https://www.chess.com"]